 Dungeon Crawl Stone Soup version 0.28.0-45-g0d030f2227 (webtiles) character file.

Game seed: 7068432647700293467

1333 NinjaNoafa the Cudgeller (level 8, 0/67 HPs)
             Began as a Troll Monk on Apr 4, 2022.
             Was a High Priest of Hepliaklqana.
             Slain by Harold
             ... wielding a +0 mace
              (17 damage)
             ... on level 9 of the Dungeon.
             The game lasted 00:21:25 (3871 turns).

NinjaNoafa the Cudgeller (Troll Monk)               Turns: 3871, Time: 00:21:26

Health: 0/67       AC:  5    Str: 22    XL:     8   Next: 34%
Magic:  7/7        EV: 11    Int:  4    God:    Hepliaklqana [*****.]
Gold:   263        SH:  0    Dex: 14    Spells: 7/7 levels left

rFire   . . .      SeeInvis .   f - +2 whip (elec)
rCold   . . .      Faith    .   i - orb {*Rage}
rNeg    . . .      Spirit   .   a - +0 robe
rPois   .          Reflect  .   (helmet restricted)
rElec   .          Harm     .   k - +0 cloak
rCorr   .          Rampage  .   (gloves unavailable)
Will    .....      Rage     20% (boots unavailable)
Stlth   ++........              (no amulet)
HPRegen 1.01/turn               (no ring)
MPRegen 0.10/turn               (no ring)

@: no status effects
A: reduced essence, large, unfitting armour, claws 3, regeneration 1, shaggy fur
1, tough skin 1, antennae 1, dopey 1, strong 1, devolution 1
a: Renounce Religion, Recall Ancestor, Ancestor Identity, Transference, Idealise


You were on level 9 of the Dungeon.
You worshipped Hepliaklqana.
Hepliaklqana was extremely pleased with you.
You visited 1 branch of the dungeon, and saw 7 of its levels.

You collected 263 gold pieces.

Inventory:

Hand Weapons
 d - a +4 dagger
 f - a +2 whip of electrocution (weapon)
 l - a +0 short sword of protection
 t - a +0 whip of flaming
 x - a +3 hunting sling
Missiles
 g - 4 javelins
 p - 8 boomerangs (quivered)
 u - 7 poisoned darts
 y - 19 stones
 z - a curare-tipped dart
Armour
 a - a +0 robe (worn)
 i - an orb of wrath (worn)
 k - a +0 cloak (worn)
Wands
 h - a wand of mindburst (8)
 s - a wand of charming (7)
Scrolls
 b - 3 scrolls of holy word
 j - 2 scrolls of identify
 n - a scroll of teleportation
 o - 2 scrolls of silence {unknown}
 w - a scroll of amnesia
 A - a scroll of immolation
 B - 2 scrolls of fog {unknown}
Potions
 c - a potion of brilliance
 e - a potion of degeneration
 m - a potion of lignification
 q - a potion of heal wounds


   Skills:
 - Level 3.0 Fighting
 * Level 6.1 Maces & Flails
 + Level 0.4 Throwing
 + Level 5.0 Dodging
 - Level 3.0 Stealth
 - Level 3.2 Unarmed Combat


You had 7 spell levels left.
You didn't know any spells.
Your spell library contained the following spells:

 Spells                   Type           Power      Damage    Failure   Level
 Apportation              Tloc           0%         N/A       50%         1
 Sandblast                Erth           0%         2d4       50%         1
 Summon Small Mammal      Summ           0%         N/A       50%         1
 Passwall                 Tmut/Erth      0%         N/A       65%         2
 Sublimation of Blood     Necr           0%         N/A       65%         2
 Wereblood                Tmut           0%         N/A       65%         2
 Call Canine Familiar     Summ           0%         N/A       86%         3
 Conjure Flame            Conj/Fire      0%         6-21      86%         3
 Ignite Poison            Fire/Tmut/Pois 0%         N/A       86%         3
 Stone Arrow              Conj/Erth      0%         3d7       86%         3
 Summon Guardian Golem    Hex/Summ       0%         N/A       86%         3
 Sticky Flame             Conj/Fire      0%         2d3       99%         4
 Alistair's Intoxication  Tmut/Pois      0%         N/A       100%        5
 Summon Hydra             Summ           0%         N/A       100%        7


Dungeon Overview and Level Annotations

Branches:
Dungeon (9/15)
 Temple: D:4-7         Lair: D:8-11         Orc: D:9-12

Altars:
Hepliaklqana

Shops:
D:1 ?

Annotations:
D:9 Harold


Innate Abilities, Weirdness & Mutations

Your life essence is reduced to manifest your ancestor. (-10% HP)
You are too large for most types of armour.
You have claws for hands.
Your natural rate of healing is unusually fast.
You are covered in fur. (AC +1)
You have tough skin. (AC +1)
You have a pair of small antennae on your head.
You are dopey. (Int -2)
Your muscles are strong. (Str +2)
You have hidden genetic defects.


Message History

Remember Sanele's name as what?
Davie Yes, Davie is definitely a better name.
Was Davie a) male, b) female, or c) neither? (Currently neither.) Davie was always male, you're pretty sure.
Harold throws a throwing net.
The throwing net barely misses you. Harold fires a harpoon shot at you.
The harpoon shot hits you!
You are yanked forward by the harpoon shot.
The centaur shoots an arrow.
The arrow hits you.
Okay, then.
It was a potion of lignification.
You turn into a tree.
Your +0 cloak melds into your body.
Your +0 robe melds into your body.
Your roots penetrate the ground.
Harold hits you with a +0 mace!
* * * LOW HITPOINT WARNING * * *
It was a potion of heal wounds.
You feel much better.
You recover from your berserk rage.
Harold completely misses you.
It was a potion of cancellation.
Your magical effects are unravelling.
You feel magically purged.
You feel less wooden.
Your +0 cloak unmelds from your body.
Your +0 robe unmelds from your body.
The sentinel's mark upon you fades away.
The centaur shoots an arrow.
The arrow barely misses you.
Harold pauses a moment, imagining something with a smile on his face.
Harold hits you but does no damage.
The centaur shoots an arrow.
The arrow hits you!
It was a potion of mutation.
You feel extremely strange.
You feel a hidden malignance growing inside you.
You feel stronger.
You feel stupid. A pair of antennae grows on your head!
Harold closely misses you.
The centaur shoots an arrow.
The arrow hits you.
* * * LOW HITPOINT WARNING * * *
As you read the scroll labelled JIJECV HEPTUN, it crumbles to dust.
It is a scroll of identify.
n - a scroll of teleportation The centaur shoots an arrow.
The arrow hits you.
* * * LOW HITPOINT WARNING * * *
Harold says, "Let's make it quick, okay?
I've got mouths to feed."
Harold hits you with a +0 mace!
You die...

#..........#.#
#..........#.#
#..........#.#
#..........#.#######
###..................#
....[.......(......#.#
#####...............#.##
#...................#.#.
###+#....()@..####......#...
$.........@...# #......#...
.....<)c^.....# #......#...
.......######## #......#...
....... ... #... .....@.
#.#. ....o.. #.#. ....)..
#.#. ......( #.#.


You could see Harold and a centaur.

Vanquished Creatures
  Pikel (D:4)
  A steam dragon (D:8)
  An ogre (D:4)
  2 lemures (D:4)
  2 orc priests (D:8)
  2 adders (D:2)
  14 orcs
  5 ball pythons
  2 bats (D:2)
  3 endoplasms
  3 giant cockroaches
  5 goblins
  4 hobgoblins
  7 jackals
  A quokka (D:1)
  9 kobolds
  4 rats
66 creatures vanquished.

Vanquished Creatures (collateral kills)
  A sky beast (D:8)
  A lemure (D:4)
  2 kobold brigands (D:8)
  2 jellies
  Ijyb (D:4)
  4 orc wizards
  A howler monkey zombie (D:9)
  3 adders
  A dart slug (D:3)
  6 orcs
  2 bats
  3 endoplasms
  3 giant cockroaches
  2 hobgoblins
  A jackal (D:2)
  5 kobolds
  2 quokkas
  5 ball pythons
  A frilled lizard (D:2)
  A goblin (D:1)
  A rat (D:1)
48 creatures vanquished.

Vanquished Creatures (others)
  A battlemage (D:9)
1 creature vanquished.

Grand Total: 115 creatures vanquished

Notes
Turn   | Place    | Note
-------+----------+-------------------------------------------
     0 | D:1      | NinjaNoafa the Troll Monk began the quest for the Orb.
     0 | D:1      | Reached XP level 1. HP: 22/22 MP: 0/0
     4 | D:1      | Found a faded altar of an unknown god.
    26 | D:1      | Prayed at the altar of an unknown god.
    26 | D:1      | Became a worshipper of Hepliaklqana the Forgotten
    26 | D:1      | Reached * piety under Hepliaklqana
    26 | D:1      | Reached ** piety under Hepliaklqana
    29 | D:1      | Remembered your ancestor Davie as a battlemage
   108 | D:1      | Reached XP level 2. HP: 26/26 MP: 1/1
   115 | D:1      | Reached *** piety under Hepliaklqana
   494 | D:1      | Found Kirouw's Magic Scroll Boutique.
   672 | D:2      | Reached XP level 3. HP: 32/32 MP: 2/2
  1011 | D:2      | Reached XP level 4. HP: 36/39 MP: 3/3
  1427 | D:3      | Reached skill level 1 in Maces & Flails
  1442 | D:3      | Reached **** piety under Hepliaklqana
  1619 | D:3      | Reached XP level 5. HP: 46/46 MP: 4/4
  2040 | D:4      | Noticed a lemure
  2040 | D:4      | Noticed a lemure
  2042 | D:4      | Noticed a lemure
  2044 | D:4      | Noticed Pikel
  2045 | D:4      | Killed a lemure
  2045 | D:4      | Killed a lemure
  2046 | D:4      | Noticed Ijyb
  2049 | D:4      | Noticed a lemure
  2055 | D:4      | Killed a lemure
  2057 | D:4      | Killed Pikel
  2058 | D:4      | Reached skill level 3 in Maces & Flails
  2058 | D:4      | Reached XP level 6. HP: 54/54 MP: 5/5
  2058 | D:4      | Reached XP level 7. HP: 60/60 MP: 6/6
  2060 | D:4      | Killed Ijyb
  2113 | D:4      | Reached skill level 4 in Maces & Flails
  2814 | D:5      | Entered Level 5 of the Dungeon
  2854 | D:5      | You fall into a shaft and drop 3 floors!
  2941 | D:8      | Reached skill level 5 in Maces & Flails
  3131 | D:8      | Noticed a steam dragon
  3254 | D:8      | Reached XP level 8. HP: 56/67 MP: 7/7
  3665 | D:8      | Reached skill level 6 in Maces & Flails
  3665 | D:8      | Reached skill level 5 in Dodging
  3707 | D:8      | Reached ***** piety under Hepliaklqana
  3846 | D:9      | Noticed Harold
  3870 | D:9      | Gained mutation: You have hidden genetic defects. [potion
                  | of mutation]
  3870 | D:9      | Gained mutation: Your muscles are strong. (Str +2) [potion
                  | of mutation]
  3870 | D:9      | Gained mutation: You are dopey. (Int -2) [potion of
                  | mutation]
  3870 | D:9      | Gained mutation: You have a pair of small antennae on your
                  | head. [potion of mutation]
  3871 | D:9      | Slain by Harold

Illustrated notes

Levels and vault maps discovered:
D:1:      tarquinn_simple_flora_water_e, layout_loops_ring,
          chequers_ecumenical_altar_simple, serial_shops,
          nicolae_shop_advertising_works [nicolae_subvault_shop_adworks]
D:2:      wander_river, layout_basic, chequers_avenue
D:3:      layout_loops_ring
D:4:      layout_basic, mrwooster_statue_mirror, uniq_pikel, uniq_ijyb
D:5:      layout_loops_cross, kennysheep_another_room, minivault_14,
          minivault_24
D:8:      layout_cave_pods
D:9:      layout_basic, erik_lair_dragon, orc_david_3,
          lightli_bailey_entry_fortress, minmay_misc_feat_roman, uniq_harold,
          uniq_erica

Skill      XL: |  1  2  3  4  5  6  7  8 |
---------------+-------------------------+-----
Dodging        | 3 4 5 |  5.0
Maces & Flails | 1 3 5 6 |  6.1
Stealth        | 3 |  3.0
Fighting       | 3 |  3.0
Throwing       | |  0.4
Unarmed Combat | |  3.2

Action                   |  1- 3 |  4- 6 |  7- 9 || total
-------------------------+-------+-------+-------++-------
Melee: Unarmed           |    24 |       |       ||    24
       Whip              |    24 |    48 |    58 ||   130
       Punch             |     1 |       |       ||     1
 Fire: Hunting sling     |       |       |     7 ||     7
Throw: Javelin           |     3 |     4 |       ||     7
       Boomerang         |       |     5 |     4 ||     9
Invok: Ancestor Life: Ba |     1 |       |       ||     1
       Recall Ancestor   |       |       |     1 ||     1
       Ancestor Identity |       |       |     1 ||     1
  Use: Scroll            |       |     1 |     3 ||     4
       Potion            |       |       |    10 ||    10
 Stab: Sleeping          |     4 |     2 |     2 ||     8
Armor: Robe              |    15 |    23 |    24 ||    62
Dodge: Dodged            |    27 |    37 |    44 ||   108
